 Dungeon Crawl Stone Soup version 0.28-a0-622-gbaef9634d7 (webtiles) character file.

Game seed: 5437280613553033198

292 Irenicus the Geomancer (level 6, -2/49 HPs)
             Began as a Deep Dwarf Earth Elementalist on Oct 7, 2021.
             Slain by an orc warrior (4 damage)
             ... on level 4 of the Dungeon.
             The game lasted 00:10:53 (1290 turns).

Irenicus the Geomancer (DDEE)                       Turns: 1290, Time: 00:10:53

Health: -2/49      AC:  3    Str: 12    XL:     6   Next: 10%
Magic:  7/8        EV: 12    Int: 17    God:
Gold:   120        SH:  0    Dex: 13    Spells: 2/8 levels left

rFire   . . .      SeeInvis .   j - +2 dagger (drain)
rCold   . . .      Faith    .   (no shield)
rNeg    . . .      Spirit   .   b - +0 robe
rPois   .          Reflect  .   c - +0 helmet
rElec   .          Harm     .   (no cloak)
rCorr   .          Rampage  .   (no gloves)
Will    .....                   (no boots)
Stlth   +.........              (no amulet)
HPRegen 0.00/turn               (no ring)
MPRegen 0.11/turn               (no ring)

@: confused
A: damage resistance, heal wounds, sense surroundings 1, no regeneration
a: Heal Wounds


You were on level 4 of the Dungeon.
You visited 1 branch of the dungeon, and saw 4 of its levels.

You collected 120 gold pieces.


Innate Abilities, Weirdness & Mutations

You are resistant to damage.
You can heal yourself by infusing magical energy.
You passively map a small area around you.
You do not regenerate.


   Skills:
 - Level 2.1 Dodging
 - Level 2.4 Stealth
 - Level 1.7 Spellcasting
 - Level 0.8 Transmutations
 + Level 9.1 Earth Magic


You had 2 spell levels left.
You knew the following spells:

 Your Spells              Type           Power      Damage    Failure   Level
t - Stone Arrow           Conj/Erth      34%        3d9       9%          3
w - Passwall              Tmut/Erth      15%        N/A       3%          2
z - Sandblast             Erth           64%        2d14      1%          1

Your spell library contained the following spells:

 Spells                   Type           Power      Damage    Failure   Level
 Slow                     Hex            1%         N/A       30%         2
 Static Discharge         Conj/Air       1%         N/A       30%         2
 Petrify                  Tmut/Erth      18%        N/A       26%         4
 Confusing Touch          Hex            1%         N/A       52%         3
 Lightning Bolt           Conj/Air       0%         1d11      99%         5
 Yara's Violent Unravell  Hex/Tmut       1%         3d3       99%         5
 Maxwell's Capacitive Co  Air            0%         ∞         100%        8

Inventory:

Hand Weapons
 a - a +0 spear
 j - a +2 dagger of draining (weapon)
 k - a +0 dagger of pain
Missiles
 m - 6 stones
Armour
 b - a +0 robe (worn)
 c - a +0 helmet (worn)
Scrolls
 f - a scroll of identify {@r1}
 g - a scroll of fog
 i - a scroll of immolation {unknown}
 l - a scroll of noise {unknown}
Potions
 d - a potion of might
 h - a potion of haste {@q3}

Dungeon Overview and Level Annotations

Branches:
Dungeon (4/15)
 Temple: D:4-7

Altars:
Okawaru
Ru
Yredelemnul

.........+ .....#,
##.##'##.#......
##.##.##+##....#
..........+....# , *
..........#....#
########..#....####+###
.####..#...........#
........'...o.......# ,
........#...o.@.....#
#########...........# ,
###+######### , , , , *
** * * *, ** , , ,, ,,
,, ,


You could see an orc warrior and an orc wizard.


Message History

You are confused.
You hear a shout!
You bump into the rock wall.
The orc warrior shouts!
You hear a shout!
An orc wizard comes into view. It is wielding a +4 dagger.
You are too confused!
You feel better.
Casting: Sandblast (safe; 1% risk of failure)
Confirm with . or Enter, or press ? or * to list all spells.
Aiming: Sandblast (safe; 1% risk of failure)
Press: ? - help, Shift-Dir - straight line, f - orc warrior
Aim: an orc warrior, wielding a +0 glaive and wearing a +0 plate armour (82% to hit)
The blast of sand hits the orc warrior.
The orc warrior is lightly wounded.
The orc wizard mumbles some strange words.
The orc wizard flickers and vanishes!
The orc warrior hits you from afar with a +0 glaive.
* * * LOW HITPOINT WARNING * * *
The orc wizard points at you and mumbles some strange words.
You are confused.
Okay, then.
Use which ability? (? or * to list)
You are too confused!
You bump into the closed door.
You bump into the rock wall.
The orc warrior misses you.
The orc warrior hits you from afar with a +0 glaive!
* * * LOW HITPOINT WARNING * * *
The orc wizard hits you with a +0 dagger.
The orc warrior hits you from afar with a +0 glaive.
You die...

Skill      XL: |  1  2  3  4 |
---------------+-------------+-----
Earth Magic    | 5 6 9 |  9.1
Dodging        | |  2.1
Stealth        | |  2.4
Spellcasting   | |  1.7
Transmutations | |  0.8

Action                   |  1- 3 |  4- 6 || total
-------------------------+-------+-------++-------
Melee: Spear             |    36 |     4 ||    40
       Dagger            |     1 |     4 ||     5
 Cast: Sandblast         |    40 |    19 ||    59
       Stone Arrow       |       |     1 ||     1
       Passwall          |       |     1 ||     1
  Use: Potion            |       |     3 ||     3
       Scroll            |       |     2 ||     2
 Stab: Sleeping          |     9 |     1 ||    10
Armor: Robe              |     3 |     4 ||     7
Dodge: Dodged            |    20 |     2 ||    22

Levels and vault maps discovered:
D:1:      lemuel_arrival_river_ford, layout_rooms, chequers_avenue, hex_medium,
          st_stairs_8
D:2:      layout_loops_cross, minmay_stone_trees_small
D:3:      layout_basic, mainiacjoe_overflow_surrounded_room, old_standard_altar,
          mainiacjoe_overflow_tiny_flanked, hellmonk_ecumenical_altar_zigzags,
          uniq_grinder
D:4:      layout_gridville, kennysheep_little_box

Notes
Turn   | Place    | Note
-------+----------+-------------------------------------------
     0 | D:1      | Irenicus the Deep Dwarf Earth Elementalist began the quest
                  | for the Orb.
     0 | D:1      | Reached XP level 1. HP: 15/15 MP: 3/3
   144 | D:1      | Reached XP level 2. HP: 20/22 MP: 1/4
   169 | D:1      | Reached skill level 5 in Earth Magic
   385 | D:1      | Learned a level 2 spell: Passwall
   503 | D:2      | Reached XP level 3. HP: 26/28 MP: 3/5
   674 | D:2      | Reached skill level 6 in Earth Magic
   750 | D:2      | Reached XP level 4. HP: 22/36 MP: 0/6
   808 | D:3      | Learned a level 3 spell: Stone Arrow
   852 | D:3      | Found a sacrificial altar of Ru.
   865 | D:3      | Found an iron altar of Okawaru.
  1030 | D:3      | Found a faded altar of an unknown god.
  1030 | D:3      | Noticed Grinder
  1047 | D:3      | Paralysed by Grinder for 3 turns
  1061 | D:3      | Killed Grinder
  1062 | D:3      | Reached skill level 9 in Earth Magic
  1062 | D:3      | Reached XP level 5. HP: 12/42 MP: 0/7
  1062 | D:3      | Reached XP level 6. HP: 14/49 MP: 0/8
  1182 | D:3      | Found a basalt altar of Yredelemnul.
  1278 | D:4      | Noticed an orc warrior
  1289 | D:4      | HP: 2/49 [orc warrior (15)]
  1290 | D:4      | Slain by an orc warrior

Vanquished Creatures
  Grinder (D:3)
  4 adders
  2 dart slugs
  6 ball pythons
  3 endoplasms
  2 giant cockroaches (D:1)
  4 goblins
  8 hobgoblins
  8 jackals (D:3)
  A quokka (D:2)
  3 frilled lizards
  3 kobolds
  5 rats
50 creatures vanquished.

Table legend: (Time is in decaauts)
 A = Elapsed time spent in this place.
 B = Non-inter-level travel time spent in this place.
 C = Inter-level travel time spent in this place.
 D = Time resting spent in this place.
 E = Time spent auto-exploring this place.
 F = Levels seen in this place.
 G = Mean time per level.
                   A        B        C        D        E       F      G
               +--------+--------+--------+--------+--------+-----+--------+
         Total |   1278 |   1265 |     13 |      0 |      0 |   4 |  319.5 |
       Dungeon |   1278 |   1265 |     13 |      0 |      0 |   4 |  319.5 |
               +--------+--------+--------+--------+--------+-----+--------+

Top non-repeatable levels by time:
     D:3: 443 daAuts
     D:2: 409 daAuts
     D:1: 390 daAuts
     D:4: 35 daAuts

Table legend:
 A = Non-vault XP
 B = Vault XP
 C = Vault XP percentage of total XP
 D = Non-vault monster count
 E = Vault monster count
 F = Vault count percentage of total count
                 A         B        C        D         E       F
            +---------+---------+-------+---------+---------+-------
      Total |     133 |     285 |  68.2 |      47 |       3 |   6.0
            +---------+---------+-------+---------+---------+-------
        D:1 |      28 |       4 |  12.5 |      16 |       2 |  11.1
        D:2 |      68 |       0 |   0.0 |      19 |       0 |   0.0
        D:3 |      37 |     281 |  88.4 |      12 |       1 |   7.7
            +---------+---------+-------+---------+---------+-------
